 Dungeon Crawl Stone Soup version 0.31-a0-229-g1fc7ce93e2 (webtiles) character file.

Game seed: 11696927813563053371

31770 qw the Marksminotaur (level 13, 0/116 HPs)
             Began as a Minotaur Hexslinger on July 6, 2023.
             Was a High Priest of Okawaru.
             Slain by a lindwurm (1 damage)
             ... summoned by Kirke
             ... on level 3 of the Lair of Beasts.
             The game lasted 00:05:11 (11416 turns).

qw the Marksminotaur (Minotaur Hexslinger)         Turns: 11416, Time: 00:05:11

Health: 0/116      AC:  0    Str: 13    XL:     13   Next: 27%
Magic:  19/19      EV: 26    Int: 10    God:    Okawaru [*****.]
Gold:   326        SH:  0    Dex: 18    Spells: 13/14 levels left

rFire   . . .        h - melded +1 longbow (freeze)
rCold   . . .        (shield currently unavailable)
rNeg    . . .        e - melded +2 robe of Grottiness {Str-5 Int+2 Dex+6}
rPois   .            (helmet currently unavailable)
rElec   .            j - melded +0 cloak
rCorr   .            q - melded +2 pair of gloves
SInv    .            b - melded +0 pair of boots
Will    .....        p - amulet of faith
Stlth   +++          m - melded ring of protection from fire
HPRegen 0.39/turn    n - melded +6 ring of dexterity
MPRegen 0.16/turn

%: faith
@: pig-form, heroic, spiked, very quick
A: fast, no casting, small, (horns 2), (retaliatory headbutt)
a: Renounce Religion, Heroism, Finesse, Duel


You were on level 3 of the Lair of Beasts.
You worshipped Okawaru.
Okawaru was extremely pleased with you.
You were a filthy swine.
You visited 3 branches of the dungeon, and saw 15 of its levels.

You collected 1168 gold pieces.
You spent 842 gold pieces at shops.


Innate Abilities, Weirdness & Mutations

You are a filthy swine.
You move quickly.
Your equipment is almost entirely melded.
You are incapable of wielding weapons or throwing items.
You cannot cast spells.
((You have a pair of horns on your head.))
((You reflexively headbutt those who attack you in melee.))


   Skills:
 - Level 11.1(16.1) Fighting
 + Level 16.5(21.5) Ranged Weapons
 - Level 5.0(10.0) Armour
 - Level 11.0(16.0) Dodging
 - Level 1.0 Spellcasting
 - Level 2.0 Hexes
 - Level 10.0 Invocations


You had 13 spell levels left.
You knew the following spells:

 Your Spells              Type           Power      Damage    Failure   Level
a - Slow                  Hex            16%        N/A       16%         1

Your spell library contained the following spells:

 Spells                   Type           Power      Damage    Failure   Level
 Inner Flame              Hex/Fire       2%         N/A       56%         3
 Portal Projectile        Hex/Tloc       4%         N/A       56%         3
 Cause Fear               Hex            2%         N/A       83%         4

Inventory:

Hand Weapons
 h - a +1 longbow of freezing (melded)
Armour
 b - a +0 pair of boots (melded)
 e - the +2 robe of Grottiness (melded) {Str-5 Int+2 Dex+6}
   (Okawaru gifted it to you on level 1 of the Lair of Beasts)

   Str:       It affects your strength (-5).
   Int:       It affects your intelligence (+2).
   Dex:       It affects your dexterity (+6).
 j - a +0 cloak (melded)
 q - a +2 pair of gloves (melded)
Jewellery
 i - an amulet of regeneration
 m - a ring of protection from fire (melded)
 n - a +6 ring of dexterity (melded)
 p - an amulet of faith (around neck)
 s - a ring of ice
Scrolls
 a - a scroll of identify
Potions
 c - 2 potions of might
 d - a potion of resistance
 f - 2 potions of haste
 g - 2 potions of magic
 k - 3 potions of enlightenment
 l - 5 potions of curing

Dungeon Overview and Level Annotations

Branches:
Dungeon (11/15)            Temple (1/1) D:5            Lair (3/5) D:11
 Shoals (0/4) Lair:2        Snake (0/4) Lair:3
    Orc: D:9-12

Altars:
Ashenzari
Cheibriados
Dithmenos
Elyvilon
Fedhas
Gozag
Hepliaklqana
Kikubaaqudgha
Makhleb
Nemelex Xobeh
Okawaru
Qazlal
Ru
Sif Muna
Trog
Uskayaw
Vehumet
Wu Jian
Xom
Yredelemnul
Zin
The Shining One

Shops:
D:10 ==*(

Annotations:
D:5 2 runed translucent doors, qw's ghost, novice MiHs
D:10 2 transporters, exclusion: obsidian statue
Lair:3 Kirke


Message History

Enter note:
Enter note:
Enter note: You hear some strange, mumbled words.
You feel a momentary urge to oink.
11412 ||| FLEEEEING.
The manticore flicks its tail.
The volley of spikes hits something!
The lindwurm breathes flames at you. The blast of flame hits you!!
The blast of flame hits the plant!!
The plant begins to die.
Enter note:
Enter note:
Enter note:
Enter note:
Enter note: Something barely misses you.
The lindwurm closely misses you. The lindwurm completely misses you.
The lindwurm misses you.
11414 ||| FLEEEEING.
Enter note:
Enter note:
Enter note:
Enter note:
Enter note:
Enter note:
Enter note:
Enter note:
Enter note:
Enter note: Your front trotters slow down.
The manticore flicks its tail.
The volley of spikes hits you!
The barbed spikes become lodged in your body.
The lindwurm bites you! The lindwurm claws you.
The lindwurm completely misses you.
You hit the lindwurm but do no damage.
A nearby plant withers and dies.
Something misses you. The lindwurm closely misses you.
The lindwurm completely misses you. The lindwurm claws you.
You die...

......## ##P.........##
......## #.............
....%..### ##...........#
.........##
##...........(.
........%.##
###..............
......%..%.##
#P.........#.....
............##
##.......####....
.............####........#
##...
..............#{h.....####
##..
........^......kH....##
#...
......\..............#
#### ........%........###
# ...............## #
.#..............##
#...............####
..................#
###........#...##


You could see a manticore (summoned) and a lindwurm (summoned).

Vanquished Creatures
  Snorg (D:11)
  A two-headed ogre (D:10)
  A boulder beetle (D:11)
  2 tengu warriors (D:10)
  6 death yaks (Lair:3)
  Nergalle (D:10)
  A deep elf pyromancer (D:11)
  5 elephants (Lair:3)
  Joseph (Lair:1)
  A merfolk siren (Lair:2)
  4 cane toads
  3 kobold demonologists
  2 unseen horrors (D:11)
  5 komodo dragons
  2 rime drakes
  3 trolls
  2 polar bears
  2 hornets (D:8)
  Prince Ribbit (D:9)
  8 blink frogs
  A wraith (D:10)
  19 yaks
  Grum (D:9)
  3 wyverns
  5 vampire mosquitoes
  7 hogs (Lair:3)
  3 basilisks
  2 steam dragons (D:9)
  3 nagas (Lair:3)
  7 water moccasins
  An acid dragon (D:10)
  A black bear (Lair:1)
  4 orc warriors
  2 ogres
  2 ice beasts
  3 sky beasts (D:9)
  19 wolves
  9 centaurs
  A phantom (D:5)
  21 kobold brigands
  Blork the orc (D:4)
  12 bullfrogs
  2 gnoll sergeants
  2 scorpions (D:5)
  A wight (D:9)
  17 killer bees
  5 howler monkeys
  3 jellies
  3 orc priests (D:8)
  2 hounds
  A sleepcap (D:5)
  An iguana (D:5)
  10 orc wizards
  7 hell rats
  15 gnolls
  13 adders
  2 ufetubi (D:5)
  A worm (D:3)
  4 dart slugs
  34 orcs
  3 bats
  3 endoplasms
  4 giant cockroaches
  3 goblins
  6 hobgoblins
  6 jackals
  18 kobolds
  3 quokkas
  3 ball pythons
  A frilled lizard (D:3)
  5 rats
357 creatures vanquished.

Notes
Turn   | Place    | Note
-------+----------+-------------------------------------------
     0 | D:1      | qw the Minotaur Hexslinger began the quest for the Orb.
     0 | D:1      | Reached XP level 1. HP: 16/16 MP: 1/1
     0 | D:1      | 0 ||| qw: Version: 0.3-a-46-gb1f654a
     0 | D:1      | 0 ||| qw: Game counter: 1487
     0 | D:1      | 0 ||| qw: Melee chars always use a shield: true
     0 | D:1      | 0 ||| qw: God list: Okawaru
     0 | D:1      | 0 ||| qw: Allow faded altars: false
     0 | D:1      | 0 ||| qw: Do Orc after clearing Dungeon:15 true
     0 | D:1      | 0 ||| qw: Do second Lair branch before Depths: true
     0 | D:1      | 0 ||| qw: Lair rune preference: random
     0 | D:1      | 0 ||| qw: Goals: Normal
     0 | D:1      | 0 ||| PLANNING D:1-11
   262 | D:1      | Reached skill level 3 in Ranged Weapons
   293 | D:1      | Reached XP level 2. HP: 21/23 MP: 2/2
   586 | D:1      | 586 ||| UPGRADING to +0 ring mail.
   596 | D:1      | 596 ||| DROPPING +0 robe.
   597 | D:1      | 597 ||| UPGRADING to +0 cloak.
   602 | D:1      | 602 ||| READING scroll labelled YRUSIDGHALOL.
   603 | D:1      | 603 ||| READING 2 scrolls labelled NEP UFOXOMN.
   604 | D:1      | 604 ||| READING scroll of enchant weapon.
   604 | D:1      | 604 ||| ENCHANTING +2 sling.
   605 | D:1      | 605 ||| READING scroll labelled OCICSI AZYME.
   706 | D:1      | 706 ||| READING scroll labelled SUF DOWNOLUEF.
   706 | D:1      | Identified a scroll of acquirement
   706 | D:1      | 706 ||| ACQUIRING +2 shortbow of flaming
   706 | D:1      | Acquired a +2 shortbow of flaming
   708 | D:1      | 708 ||| SWAPPING to +2 shortbow of flaming.
   709 | D:1      | 709 ||| DROPPING +3 sling.
   710 | D:1      | 710 ||| DROPPING scroll of poison.
   731 | D:2      | 731 ||| STAIRDANCE
   734 | D:1      | Reached XP level 3. HP: 20/29 MP: 3/3
   858 | D:2      | Found a glowing silver altar of Zin.
   996 | D:2      | Reached skill level 4 in Ranged Weapons
  1019 | D:2      | Reached skill level 1 in Armour
  1282 | D:2      | 1282 ||| UPGRADING to +0 pair of boots.
  1287 | D:2      | 1287 ||| UPGRADING to amulet of regeneration.
  1292 | D:2      | 1292 ||| UPGRADING to ring of protection from fire.
  1293 | D:2      | 1293 ||| READING scroll labelled DODGHA OVVO.
  1356 | D:3      | Found an opulent altar of Gozag.
  1439 | D:3      | Reached XP level 4. HP: 36/36 MP: 4/4
  1702 | D:3      | 1702 ||| UPGRADING to +0 pair of gloves.
  1707 | D:3      | 1707 ||| READING scroll labelled RUX WIES CEDEN.
  1708 | D:3      | 1708 ||| READING scroll labelled KOYX HASYK.
  1711 | D:3      | 1711 ||| DRINKING 2 clear potions.
  1852 | D:4      | Found a basalt altar of Yredelemnul.
  1916 | D:4      | Found Zin's Purification Station.
  1921 | D:4      | Found a glowing silver altar of Zin.
  1924 | D:4      | 1924 ||| BUYING potion of curing (90 gold).
  1924 | D:4      | Bought a potion of curing for 90 gold pieces
  1977 | D:4      | Found a burning altar of Makhleb.
  1991 | D:4      | Reached skill level 5 in Ranged Weapons
  2005 | D:4      | 2005 ||| DRINKING 2 brown potions.
  2006 | D:4      | 2006 ||| DRINKING 3 red potions.
  2007 | D:4      | 2007 ||| DROPPING potion of degeneration.
  2072 | D:4      | Noticed Blork the orc
  2079 | D:4      | Killed Blork the orc
  2080 | D:4      | Reached skill level 3 in Fighting
  2080 | D:4      | Reached XP level 5. HP: 42/46 MP: 5/5
  2375 | D:4      | 2375 ||| SWAPPING to +0 arbalest.
  2376 | D:4      | 2376 ||| DROPPING +2 shortbow of flaming.
  2377 | D:4      | 2377 ||| DRINKING 2 sapphire potions.
  2414 | D:5      | Entered Level 5 of the Dungeon
  2414 | D:5      | Noticed an ogre
  2417 | D:5      | 2417 ||| STAIRDANCE
  2423 | D:4      | Killed an ogre
  2424 | D:4      | Reached XP level 6. HP: 28/52 MP: 6/6
  2526 | D:5      | Found a staircase to the Ecumenical Temple.
  2527 | D:5      | 2527 ||| PLANNING TEMPLE
  2539 | D:5      | Reached skill level 6 in Ranged Weapons
  2545 | Temple   | Entered the Ecumenical Temple
  2665 | Temple   | 2665 ||| PLANNING OKAWARU WORSHIP
  2932 | Temple   | Became a worshipper of Warmaster Okawaru
  2933 | Temple   | 2933 ||| PLANNING D:1-11
  3103 | D:5      | Reached skill level 7 in Ranged Weapons
  3103 | D:5      | Reached XP level 7. HP: 55/59 MP: 7/7
  3333 | D:5      | Found a shadowy altar of Dithmenos.
  3404 | D:5      | Reached skill level 8 in Ranged Weapons
  3433 | D:5      | Reached * piety under Okawaru
  3492 | D:5      | 3492 ||| DRINKING 4 potions of curing.
  3492 | D:5      | 3492 ||| (to cure confusion)
  3494 | D:5      | 3494 ||| DRINKING 3 potions of curing.
  3494 | D:5      | 3494 ||| (to cure confusion)
  3502 | D:5      | Found a large runed translucent door.
  3502 | D:5      | Found a large runed translucent door.
  3513 | D:5      | Noticed qw's ghost (novice MiHs)
  3801 | D:5      | 3801 ||| DRINKING 2 inky potions.
  3802 | D:5      | 3802 ||| DRINKING 2 metallic yellow potions.
  3803 | D:5      | 3803 ||| DRINKING 2 bubbling purple potions.
  3845 | D:5      | 3845 ||| READING 2 scrolls of identify.
  3845 | D:5      | 3845 ||| IDENTIFYING fuming emerald potion
  3846 | D:5      | 3846 ||| DROPPING potion of lignification.
  3940 | D:6      | Reached skill level 1 in Invocations
  3949 | D:6      | 3949 ||| INVOKING Heroism.
  3950 | D:6      | 3950 ||| INVOKING Heroism.
  3954 | D:6      | HP: 14/61 [poisoned by a water moccasin]
  3955 | D:6      | 3955 ||| READING scroll of teleportation.
  3956 | D:6      | 3956 ||| DRINKING potion of heal wounds.
  3959 | D:6      | Reached XP level 8. HP: 35/68 MP: 6/8
  4042 | D:6      | 4042 ||| INVOKING Heroism.
  4046 | D:6      | Reached skill level 9 in Ranged Weapons
  4112 | D:6      | Found a hazy altar of Hepliaklqana.
  4143 | D:6      | 4143 ||| READING scroll of enchant weapon.
  4143 | D:6      | 4143 ||| ENCHANTING +0 arbalest.
  4342 | D:6      | Reached skill level 3 in Invocations
  4352 | D:6      | Reached skill level 3 in Dodging
  4565 | D:6      | Reached skill level 3 in Armour
  4618 | D:6      | Found a broken altar of Ashenzari.
  4619 | D:6      | Found a radiant altar of Vehumet.
  4619 | D:6      | Found a shimmering blue altar of Sif Muna.
  4633 | D:6      | 4633 ||| UPGRADING to +6 ring of dexterity.
  4634 | D:6      | 4634 ||| DROPPING +6 ring of intelligence.
  4635 | D:6      | 4635 ||| READING scroll labelled EZIUSS NE NEAC.
  4636 | D:6      | 4636 ||| READING 3 scrolls of identify.
  4636 | D:6      | 4636 ||| IDENTIFYING pink potion
  4637 | D:6      | 4637 ||| READING 2 scrolls of identify.
  4637 | D:6      | 4637 ||| IDENTIFYING fuming silvery potion
  4638 | D:6      | 4638 ||| DROPPING potion of invisibility.
  4660 | D:7      | 4660 ||| STAIRDANCE
  4664 | D:6      | 4664 ||| INVOKING Heroism.
  4733 | D:7      | Reached skill level 6 in Fighting
  4932 | D:7      | 4932 ||| Stepping ~*~*~tactically~*~*~ (outnumbered).
  5011 | D:7      | 5011 ||| INVOKING Heroism.
  5265 | D:7      | 5265 ||| INVOKING Heroism.
  5297 | D:7      | 5297 ||| READING scroll labelled XECEITEULI.
  5298 | D:7      | 5298 ||| READING scroll labelled ORUMAF ODIHUH.
  5299 | D:7      | 5299 ||| READING 2 scrolls of identify.
  5299 | D:7      | 5299 ||| IDENTIFYING smoky green potion
  5300 | D:7      | 5300 ||| DROPPING potion of brilliance.
  5380 | D:8      | Reached XP level 9. HP: 75/75 MP: 11/11
  5391 | D:8      | Reached ** piety under Okawaru
  5392 | D:8      | Reached skill level 10 in Ranged Weapons
  5429 | D:8      | 5429 ||| INVOKING Heroism.
  5549 | D:8      | 5549 ||| FLEEEEING.
  5550 | D:8      | 5550 ||| FLEEEEING.
  5551 | D:8      | 5551 ||| FLEEEEING.
  5552 | D:8      | 5552 ||| FLEEEEING.
  5601 | D:8      | Found a sparkling altar of Nemelex Xobeh.
  5682 | D:8      | 5682 ||| INVOKING Heroism.
  5757 | D:8      | 5757 ||| INVOKING Heroism.
  5958 | D:8      | Reached skill level 11 in Ranged Weapons
  6115 | D:8      | 6115 ||| READING scroll labelled FUQIZE NOTRAIR.
  6116 | D:8      | 6116 ||| READING scroll labelled ASE NUEPHEHERRUD.
  6117 | D:8      | 6117 ||| READING scroll labelled ZOSISHR KANOCUN.
  6151 | D:8      | 6151 ||| READING scroll labelled GEFEFRIFUC.
  6152 | D:8      | 6152 ||| READING 2 scrolls of identify.
  6152 | D:8      | 6152 ||| IDENTIFYING fizzy blue potion
  6227 | D:9      | Noticed Grum
  6228 | D:9      | 6228 ||| INVOKING Heroism.
  6248 | D:9      | Reached skill level 12 in Ranged Weapons
  6251 | D:9      | Reached XP level 10. HP: 35/88 MP: 12/12
  6254 | D:9      | 6254 ||| INVOKING Heroism.
  6255 | D:9      | Killed Grum
  6305 | D:9      | Noticed Prince Ribbit
  6309 | D:9      | Killed Prince Ribbit
  6337 | D:9      | 6337 ||| Stepping ~*~*~tactically~*~*~ (outnumbered).
  6342 | D:9      | 6342 ||| INVOKING Heroism.
  6345 | D:9      | Reached skill level 6 in Dodging
  6432 | D:9      | 6432 ||| INVOKING Heroism.
  6435 | D:9      | Reached *** piety under Okawaru
  6509 | D:9      | 6509 ||| READING scroll of enchant armour.
  6509 | D:9      | 6509 ||| ENCHANTING +0 pair of gloves.
  6643 | D:9      | 6643 ||| INVOKING Heroism.
  6679 | D:9      | Reached skill level 13 in Ranged Weapons
  6926 | D:9      | 6926 ||| INVOKING Heroism.
  6936 | D:9      | Reached skill level 9 in Fighting
  6949 | D:9      | 6949 ||| FLEEEEING.
  6950 | D:9      | 6950 ||| FLEEEEING.
  6971 | D:9      | 6971 ||| INVOKING Heroism.
  7102 | D:10     | Entered Level 10 of the Dungeon
  7102 | D:10     | Noticed an obsidian statue
  7102 | D:10     | Noticed a two-headed ogre
  7103 | D:10     | 7103 ||| INVOKING Heroism.
  7113 | D:10     | Killed a two-headed ogre
  7116 | D:10     | HP: 20/91 [hellwing[an obsidian statue] (11)]
  7116 | D:10     | HP: 9/91 [shadow imp/nerve-wracking pain[an obsidian
                  | statue] (11)]
  7118 | D:10     | Noticed an orange demon
  7124 | D:10     | Noticed a rust devil
  7127 | D:10     | HP: 7/91 [white imp/puff of frost[an obsidian statue] (9)]
  7128 | D:10     | 7128 ||| STAIRDANCE
  7203 | D:10     | 7203 ||| INVOKING Heroism.
  7206 | D:10     | Noticed a sixfirhy
  7213 | D:10     | HP: 18/91 [sixfirhy[an obsidian statue] (12)]
  7214 | D:10     | Noticed a soul eater
  7221 | D:10     | 7221 ||| STAIRDANCE
  7371 | D:10     | 7371 ||| INVOKING Heroism.
  7410 | D:10     | Noticed Nergalle
  7411 | D:10     | 7411 ||| INVOKING Heroism.
  7415 | D:10     | Killed Nergalle
  7416 | D:10     | Reached skill level 14 in Ranged Weapons
  7416 | D:10     | Reached XP level 11. HP: 97/97 MP: 10/13
  7486 | D:10     | Found a transporter.
  7489 | D:10     | Found Ziorphij's Antique Weapon Shoppe.
  7490 | D:10     | Noticed a tengu warrior
  7491 | D:10     | Noticed a tengu warrior
  7498 | D:10     | 7498 ||| INVOKING Heroism.
  7502 | D:10     | Killed a tengu warrior
  7503 | D:10     | HP: 21/97 [tengu warrior/+0 halberd (8)]
  7507 | D:10     | Killed a tengu warrior
  7507 | D:10     | Reached **** piety under Okawaru
  7590 | D:10     | Found Ozykhlo's Jewellery Boutique.
  7593 | D:10     | 7593 ||| BUYING amulet of faith (680 gold).
  7593 | D:10     | Bought an amulet of faith for 680 gold pieces
  7593 | D:10     | 7593 ||| SHOPLISTING ring of ice (425 gold, have 119).
  7593 | D:10     | 7593 ||| SHOPLISTING ring of see invisible (255 gold, have
                  | 119).
  7608 | D:10     | 7608 ||| INVOKING Heroism.
  7649 | D:10     | Found a transporter.
  7658 | D:10     | Found Sialef's Assorted Antiques.
  7665 | D:10     | 7665 ||| BUYING potion of curing (72 gold).
  7665 | D:10     | Bought a potion of curing for 72 gold pieces
  7665 | D:10     | 7665 ||| SHOPLISTING potion of curing (72 gold, have 47).
  7665 | D:10     | 7665 ||| SHOPLISTING runed arbalest (180 gold, have 47).
  7665 | D:10     | 7665 ||| SHOPLISTING runed bronze ring (120 gold, have 47).
  7665 | D:10     | 7665 ||| SHOPLISTING scroll of identify (48 gold, have 47).
  7688 | D:10     | Found Gerhalom's Jewellery Emporium.
  7693 | D:10     | 7693 ||| DRINKING 5 potions of curing.
  7693 | D:10     | 7693 ||| (to cure confusion)
  7713 | D:10     | 7713 ||| SHOPLISTING amulet "Onoxeud" {Reflect rPois Str+3
                  | SH+5} (475 gold, have 47).
  7713 | D:10     | 7713 ||| SHOPLISTING ring of Hecyatoi {Will+ rCorr Dex+2}
                  | (368 gold, have 47).
  7713 | D:10     | 7713 ||| SHOPLISTING ring of poison resistance (200 gold,
                  | have 47).
  7713 | D:10     | 7713 ||| UPGRADING to +0 troll leather armour.
  7721 | D:10     | 7721 ||| UPGRADING to +0 troll leather armour.
  7726 | D:10     | 7726 ||| DROPPING +0 ring mail.
  8287 | D:10     | 8287 ||| UPGRADING to amulet of faith.
  8297 | D:10     | 8297 ||| READING scroll labelled WOOSHR HATS.
  8298 | D:10     | 8298 ||| READING 2 scrolls of identify.
  8298 | D:10     | 8298 ||| IDENTIFYING metallic pink potion
  8299 | D:10     | 8299 ||| DROPPING potion of attraction.
  8367 | D:11     | 8367 ||| INVOKING Heroism.
  8395 | D:11     | Noticed a deep elf pyromancer
  8417 | D:11     | Killed a deep elf pyromancer
  8446 | D:11     | Noticed Snorg
  8447 | D:11     | 8447 ||| INVOKING Heroism.
  8453 | D:11     | Killed Snorg
  8485 | D:11     | Reached ***** piety under Okawaru
  8495 | D:11     | Reached skill level 6 in Invocations
  8500 | D:11     | Found a staircase to the Lair.
  8510 | D:11     | 8510 ||| INVOKING Heroism.
  8558 | D:11     | Noticed a boulder beetle
  8559 | D:11     | 8559 ||| INVOKING Heroism.
  8596 | D:11     | 8596 ||| INVOKING Heroism.
  8598 | D:11     | Killed a boulder beetle
  8606 | D:11     | Noticed a sun demon
  8619 | D:11     | 8619 ||| INVOKING Heroism.
  8651 | D:11     | 8651 ||| INVOKING Heroism.
  8660 | D:11     | 8660 ||| FLEEEEING.
  8661 | D:11     | 8661 ||| FLEEEEING.
  8895 | D:11     | Reached skill level 15 in Ranged Weapons
  8986 | D:11     | 8986 ||| Stepping ~*~*~tactically~*~*~ (outnumbered).
  8992 | D:11     | 8992 ||| Stepping ~*~*~tactically~*~*~ (outnumbered).
  9145 | D:11     | 9145 ||| PLANNING LAIR
  9145 | D:11     | 9145 ||| UPGRADING to +1 troll leather armour {Snorg}.
  9155 | D:11     | 9155 ||| DROPPING +0 troll leather armour.
  9196 | Lair:1   | Entered Level 1 of the Lair of Beasts
  9197 | Lair:1   | 9197 ||| INVOKING Heroism.
  9206 | Lair:1   | Reached XP level 12. HP: 106/106 MP: 14/16
  9221 | Lair:1   | 9221 ||| READING scroll of enchant armour.
  9221 | Lair:1   | 9221 ||| ENCHANTING +1 pair of gloves.
  9232 | Lair:1   | Identified the +2 robe of Grottiness {Str-5 Int+2 Dex+6}
                  | (Okawaru gifted it to you on level 1 of the Lair of Beasts)
  9232 | Lair:1   | Received a gift from Okawaru
  9246 | Lair:1   | 9246 ||| INVOKING Heroism.
  9261 | Lair:1   | 9261 ||| INVOKING Heroism.
  9309 | Lair:1   | Noticed Joseph
  9315 | Lair:1   | 9315 ||| FLEEEEING.
  9316 | Lair:1   | 9316 ||| FLEEEEING.
  9317 | Lair:1   | 9317 ||| FLEEEEING.
  9318 | Lair:1   | 9318 ||| FLEEEEING.
  9319 | Lair:1   | 9319 ||| FLEEEEING.
  9323 | Lair:1   | Killed Joseph
  9368 | Lair:1   | Found an ancient bone altar of Kikubaaqudgha.
  9450 | Lair:1   | 9450 ||| INVOKING Heroism.
  9485 | Lair:1   | 9485 ||| INVOKING Heroism.
  9518 | Lair:1   | Reached skill level 9 in Dodging
  9710 | Lair:1   | 9710 ||| UPGRADING to +2 robe of Grottiness {Str-5 Int+2
                  | Dex+6}.
  9720 | Lair:1   | 9720 ||| DROPPING +1 troll leather armour {Snorg}.
  9721 | Lair:1   | 9721 ||| READING scroll labelled FYUFUTSOGOH.
  9787 | Lair:2   | 9787 ||| READING scroll of acquirement.
  9787 | Lair:2   | 9787 ||| ACQUIRING +1 longbow of freezing
  9787 | Lair:2   | Acquired a +1 longbow of freezing
  9789 | Lair:2   | 9789 ||| SWAPPING to +1 longbow of freezing.
  9790 | Lair:2   | 9790 ||| DROPPING +1 arbalest of freezing.
  9823 | Lair:2   | Found a staircase to the Shoals.
  9899 | Lair:2   | Reached skill level 9 in Invocations
 10192 | Lair:2   | 10192 ||| INVOKING Heroism.
 10334 | Lair:2   | 10334 ||| INVOKING Heroism.
 10663 | Lair:2   | 10663 ||| DROPPING amulet of magic regeneration.
 10692 | Lair:3   | 10692 ||| PLANNING GAUNTLET
 10710 | Lair:3   | 10710 ||| STAIRDANCE
 10839 | Lair:3   | Found a staircase to the Snake Pit.
 10871 | Lair:3   | Noticed a death yak
 10871 | Lair:3   | Noticed a death yak
 10872 | Lair:3   | 10872 ||| INVOKING Heroism.
 10872 | Lair:3   | Noticed a death yak
 10873 | Lair:3   | 10873 ||| INVOKING Finesse.
 10876 | Lair:3   | Noticed a death yak
 10883 | Lair:3   | Killed a death yak
 10883 | Lair:3   | Received a gift from Okawaru
 10884 | Lair:3   | Reached skill level 16 in Ranged Weapons
 10892 | Lair:3   | Noticed a death yak
 10893 | Lair:3   | Killed a death yak
 10900 | Lair:3   | Killed a death yak
 10901 | Lair:3   | Noticed a death yak
 10908 | Lair:3   | 10908 ||| INVOKING Heroism.
 10917 | Lair:3   | Killed a death yak
 10918 | Lair:3   | Reached XP level 13. HP: 75/116 MP: 12/19
 10965 | Lair:3   | 10965 ||| FLEEEEING.
 11220 | Lair:3   | 11220 ||| RIP GAUNTLET
 11230 | Lair:3   | 11230 ||| PLANNING LAIR
 11319 | Lair:3   | 11319 ||| INVOKING Heroism.
 11345 | Lair:3   | Noticed Kirke
 11346 | Lair:3   | 11346 ||| INVOKING Finesse.
 11349 | Lair:3   | 11349 ||| DRINKING 4 potions of cancellation.
 11353 | Lair:3   | 11353 ||| DRINKING 3 potions of cancellation.
 11360 | Lair:3   | 11360 ||| DRINKING 2 potions of cancellation.
 11367 | Lair:3   | 11367 ||| INVOKING Heroism.
 11377 | Lair:3   | 11377 ||| DRINKING potion of cancellation.
 11378 | Lair:3   | 11378 ||| READING scroll of teleportation.
 11379 | Lair:3   | 11379 ||| FLEEEEING.
 11380 | Lair:3   | 11380 ||| FLEEEEING.
 11381 | Lair:3   | 11381 ||| FLEEEEING.
 11382 | Lair:3   | 11382 ||| FLEEEEING.
 11383 | Lair:3   | 11383 ||| FLEEEEING.
 11384 | Lair:3   | 11384 ||| FLEEEEING.
 11385 | Lair:3   | 11385 ||| FLEEEEING.
 11386 | Lair:3   | 11386 ||| FLEEEEING.
 11387 | Lair:3   | 11387 ||| FLEEEEING.
 11388 | Lair:3   | 11388 ||| FLEEEEING.
 11389 | Lair:3   | 11389 ||| FLEEEEING.
 11391 | Lair:3   | 11391 ||| FLEEEEING.
 11392 | Lair:3   | 11392 ||| FLEEEEING.
 11393 | Lair:3   | 11393 ||| FLEEEEING.
 11394 | Lair:3   | 11394 ||| FLEEEEING.
 11395 | Lair:3   | 11395 ||| FLEEEEING.
 11396 | Lair:3   | 11396 ||| FLEEEEING.
 11397 | Lair:3   | 11397 ||| FLEEEEING.
 11398 | Lair:3   | 11398 ||| FLEEEEING.
 11399 | Lair:3   | 11399 ||| FLEEEEING.
 11400 | Lair:3   | 11400 ||| FLEEEEING.
 11404 | Lair:3   | 11404 ||| FLEEEEING.
 11406 | Lair:3   | 11406 ||| FLEEEEING.
 11408 | Lair:3   | 11408 ||| FLEEEEING.
 11410 | Lair:3   | 11410 ||| FLEEEEING.
 11412 | Lair:3   | 11412 ||| FLEEEEING.
 11414 | Lair:3   | 11414 ||| FLEEEEING.
 11415 | Lair:3   | HP: 14/116 [manticore/volley of spikes[Kirke] (17)]
 11415 | Lair:3   | HP: 4/116 [lindwurm[Kirke] (10)]
 11415 | Lair:3   | HP: 1/116 [lindwurm[Kirke] (3)]
 11416 | Lair:3   | Slain by a lindwurm

Levels and vault maps discovered:
D:1:      psy_arrival_dodecagon, layout_loops_ring, minivault_14
D:2:      layout_loops_ring, basic_altar, minmay_cupped
D:3:      layout_rooms, grunt_gozag_breadcrumbs, feat_on_display
D:4:      layout_gridville, amcnicky_altar_gilded, yredelemnul_altar_generic,
          zin_purify, kennysheep_flooded_box, minmay_goblin_kobold_house,
          uniq_blork_the_orc
D:5:      layout_basic, nicolae_dithmenos_through_a_glass_darkly,
          minmay_temple_entry_glassed_door, ebering_ghost_disaster_area,
          kennysheep_generic_room_13
D:6:      layout_basic, chequers_temple_overflow_statue_of_worship,
          mainiacjoe_overflow_tiny_flanked, minivault_5
D:7:      layout_basic
D:8:      layout_loops_ring, nemelex_diamond_rough_becter
D:9:      layout_irregular_city, hangedman_misty_isle, uniq_prince_ribbit1,
          uniq_grum
D:10:     layout_basic, serial_shops, nicolae_shop_tiny_real_fake_doors,
          shop_fountains, nicolae_shop_drivethru, nicolae_shop_tiny_glass,
          minivault_16, minmay_statues_item, uniq_nergalle
D:11:     layout_basic, lair_entry_dummy, special_room [special_room_kobold],
          kennysheep_nub, uniq_snorg
Temple:   minmay_temple_forest_path
Lair:1:   layout_big_grid, basic_altar, lemuel_fruit_tree, uniq_joseph
Lair:2:   layout_cellular_growth, minmay_shoals_entry_lonely_mermaid,
          beast_lair_carwin_5
Lair:3:   layout_hall_layers, minmay_snake_entry_guardpost_small,
          gauntlet_entry_generic, lemuel_fruit_fields, uniq_kirke

Skill      XL: |  1  2  3  4  5  6  7  8  9 10 11 12 13 |
---------------+----------------------------------------+-----
Ranged Weapons | 3 4 5 7 8 9 12 14 15 16 | 16.5
Fighting       | 2 3 4 5 6 7 9 10 11 | 11.1
Armour         | 1 2 3 4 5 |  5.0
Invocations    | 1 4 7 10 | 10.0
Dodging        | 4 5 6 8 10 11 | 11.0
Spellcasting   | |  1.0
Hexes          | |  2.0

Action                     |  1- 3 |  4- 6 |  7- 9 | 10-12 | 13-15 || total
---------------------------+-------+-------+-------+-------+-------++-------
  Melee: Unarmed           |       |       |       |       |     1 ||     1
   Fire: Sling             |    31 |       |       |       |       ||    31
         Shortbow          |    43 |    66 |       |       |       ||   109
         Arbalest          |       |    28 |   242 |   380 |       ||   650
         Longbow           |       |       |       |   184 |    63 ||   247
 Invoke: Heroism           |       |       |     9 |    28 |     2 ||    39
         Finesse           |       |       |       |     1 |     1 ||     2
    Use: Scroll            |     6 |     2 |    14 |     6 |     1 ||    29
         Potion            |       |     4 |     6 |     1 |     4 ||    15
 Armour: Robe              |     2 |       |       |     6 |       ||     8
         Ring mail         |     5 |    16 |    66 |    31 |       ||   118
         Troll leather arm |       |       |       |    39 |       ||    39
         Skin              |       |       |       |     1 |       ||     1
  Dodge: Dodged            |    20 |    31 |   155 |   345 |    28 ||   579

Table legend:
 A = Non-vault XP
 B = Vault XP
 C = Vault XP percentage of total XP
 D = Non-vault monster count
 E = Vault monster count
 F = Vault count percentage of total count
                 A         B        C        D         E       F
            +---------+---------+-------+---------+---------+-------
      Total |   36413 |    8973 |  19.8 |     298 |      59 |  16.5
            +---------+---------+-------+---------+---------+-------
        D:1 |      29 |       0 |   0.0 |       9 |       0 |   0.0
        D:2 |      45 |      16 |  26.2 |      11 |       3 |  21.4
        D:3 |      55 |       0 |   0.0 |      21 |       0 |   0.0
        D:4 |     160 |     100 |  38.5 |      12 |       2 |  14.3
        D:5 |     834 |      22 |   2.6 |      20 |       2 |   9.1
        D:6 |     922 |       0 |   0.0 |      22 |       0 |   0.0
        D:7 |     544 |       0 |   0.0 |      24 |       0 |   0.0
        D:8 |    1904 |       0 |   0.0 |      29 |       0 |   0.0
        D:9 |    2841 |    1489 |  34.4 |      28 |      10 |  26.3
       D:10 |    4151 |     775 |  15.7 |      15 |       1 |   6.2
       D:11 |    4598 |    3087 |  40.2 |      28 |      23 |  45.1
     Lair:1 |    3733 |     466 |  11.1 |      18 |       1 |   5.3
     Lair:2 |    4925 |    1138 |  18.8 |      21 |       7 |  25.0
     Lair:3 |   11672 |    1880 |  13.9 |      40 |      10 |  20.0
            +---------+---------+-------+---------+---------+-------
